 Dungeon Crawl Stone Soup version 0.29-a0-350-g7790a0e70a (webtiles) character file.

Game seed: 1967468997977262225

56 spaghetti the Skirmisher (level 3, -2/42 HPs)
             Began as an Ogre Monk on Apr 23, 2022.
             Slain by an orc
             ... wielding a +0 flail
              (6 damage)
             ... on level 3 of the Dungeon.
             The game lasted 00:03:27 (1415 turns).

spaghetti the Skirmisher (Ogre Monk)                Turns: 1415, Time: 00:03:27

Health: -2/42      AC:  3    Str: 15    XL:     3   Next: 95%
Magic:  3/3        EV: 10    Int: 13    God:
Gold:   43         SH:  0    Dex: 11    Spells: 2/2 levels left

rFire   . . .      SeeInvis .     - Unarmed
rCold   . . .      Faith    .   (no shield)
rNeg    . . .      Spirit   .   a - +0 robe
rPois   .          Reflect  .   (helmet restricted)
rElec   .          Harm     .   (no cloak)
rCorr   .          Rampage  .   (gloves unavailable)
Will    .....                   (boots unavailable)
Stlth   ++........              (no amulet)
HPRegen 0.14/turn               (no ring)
MPRegen 0.08/turn               (no ring)

@: no status effects
A: large, unfitting armour, tough skin 1
a: no special abilities


You were on level 3 of the Dungeon.
You visited 1 branch of the dungeon, and saw 3 of its levels.

You collected 43 gold pieces.


Innate Abilities, Weirdness & Mutations

You are too large for most types of armour.
You have tough skin. (AC +1)


   Skills:
 * Level 5.1 Fighting
 + Level 3.0 Dodging
 - Level 1.4 Stealth
 * Level 3.4 Unarmed Combat


You had 2 spell levels left.
You didn't know any spells.
Your spell library was empty.

Inventory:

Hand Weapons
 c - a +0 hunting sling {sling}
   (You found it on level 1 of the Dungeon)
 f - a +0 short sword {short}
   (You found it on level 1 of the Dungeon)
 g - a +0 club {mace}
   (You took it off a kobold on level 2 of the Dungeon)
 i - a +0 dagger {short}
   (You found it on level 1 of the Dungeon)
Missiles
 h - 4 boomerangs (quivered) {throwing}
 n - 14 stones {throwing}
 o - 2 poisoned darts {throwing}
Armour
 a - a +0 robe (worn)
Jewellery
 p - a ring of ice
   (You found it on level 2 of the Dungeon)
Scrolls
 d - a scroll of noise {!r}
 l - 2 scrolls of teleportation {unknown}
 m - a scroll of enchant weapon {unknown}
Potions
 b - a potion of ambrosia
 e - a potion of heal wounds {unknown}
 q - a potion of curing {unknown}

Dungeon Overview and Level Annotations

Branches:
Dungeon (3/15)

Altars:
Okawaru

Shops:
D:1 *[:( D:3

= *****,*****#...# #....##8..
*,,,,,,,,..#...# #.....##..
*,,,,,***#.#...# #........_
*,,.,,* #.#...# ####.###..
*,,..,* #.#...# #..#8..
*,,)..####.#...## ##.####
*,,.............# ####.....
*,,......ooโˆฉ....###........
*,,.....ro@.....โ€ ..........
*,,......oo.....#.#.#..#..#
*,,.............#.#.#......
***########+#####.#.....รท..
*,,,,,........รท.#
*,****#.####.#>## *,,,,,..#
#.#### *,****### #..... *,*
#.####


You could see 5 orcs and a rat.


Message History

No target in view!
You now have 43 gold pieces (gained 13).
You open the door.
A bat comes into view.
The bat moves out of view.
Found 13 gold pieces.
Found Visouk's Jewellery Emporium.
A bat is nearby!
You hit the bat.
You kill the bat!
No target in view!
No target in view!
No target in view!
There is an open door here.
You see here a bat corpse.
An orc comes into view. It is wielding a +0 club.
An orc is nearby!
An orc is nearby!
An orc comes into view.
It is wielding a +0 club. 2 orcs come into view.
The orc shouts!
An orc comes into view. It is wielding a +0 whip.
An orc comes into view. It is wielding a +0 flail.
A rat comes into view.
The orc shouts! x2
You see here 13 gold pieces.
The orc shouts!
You hit the orc.
The orc hits you with a +0 club. ๐Ÿ˜• HP[-2]
You take 2 damage, and now have 40/42 hp.
You hit the orc. The orc barely misses you.
You closely miss the orc. The orc barely misses you.
You closely miss the orc. The orc closely misses you.
The orc barely misses you.
You hit the orc.
You kill the orc!
The orc barely misses you. The orc hits you with a +0 club.
The orc hits you with a +0 flail.
You are too injured to fight recklessly! ๐Ÿ˜• HP[-3]
You take 3 damage, and now have 37/42 hp.
You are too injured to fight recklessly!
You are too injured to fight recklessly!
You are too injured to fight recklessly!
You are too injured to fight recklessly!
You are too injured to fight recklessly!
You are too injured to fight recklessly!
You are too injured to fight recklessly!
You are too injured to fight recklessly!
You are too injured to fight recklessly!
You are too injured to fight recklessly!
You are too injured to fight recklessly!
You are too injured to fight recklessly!
You are too injured to fight recklessly!
You are too injured to fight recklessly!
You are too injured to fight recklessly!
You are too injured to fight recklessly!
You are too injured to fight recklessly!
You are too injured to fight recklessly!
You are too injured to fight recklessly!
You are too injured to fight recklessly!
You barely miss the orc. The orc barely misses you.
The orc hits you but does no damage.
The rat twitches its whiskers.
The orc hits you with a +0 whip. The orc hits you with a +0 club.
The orc closely misses you. ๐Ÿ˜ฎ HP[-8]
You take 8 damage, and now have 29/42 hp.
You hit the orc. The orc hits you with a +0 mace.
The orc hits you with a +0 club. The orc misses you.
The orc hits you but does no damage. The orc barely misses you. ๐Ÿ˜ฎ HP[-4]
You take 4 damage, and now have 25/42 hp.
You hit the orc but do no damage. The orc hits you with a +0 mace.
* * * LOW HITPOINT WARNING * * *
The orc hits you with a +0 club.
* * * LOW HITPOINT WARNING * * *
The orc barely misses you. x2; The orc hits you with a +0 flail.
* * * LOW HITPOINT WARNING * * *
๐Ÿ˜จ HP[-9]
You take 9 damage, and now have 16/42 hp.
MASSIVE DAMAGE!! (PAUSE)
Okay, then.
As you read the scroll labelled YTWUAM JENIOQI, it crumbles to dust.
You feel aware of your surroundings.
You sensed 1 shop/portal.
It was a scroll of magic mapping.
The orc hits you with a +0 mace!
* * * LOW HITPOINT WARNING * * *
The orc hits you with a +0 club.
* * * LOW HITPOINT WARNING * * *
The orc barely misses you. The orc hits you but does no damage.
The orc barely misses you. ๐Ÿ˜ฑ HP[-11]
You take 11 damage, and now have 5/42 hp.
MASSIVE DAMAGE!! (PAUSE)
As you read the scroll labelled KANELA RUPN, it crumbles to dust.
It is a scroll of identify.
d - a scroll of noise The orc hits you with a +0 mace.
* * * LOW HITPOINT WARNING * * *
The orc misses you. The orc hits you with a +0 flail.
You die...

Skill      XL: |  1  2  3 |
---------------+----------+-----
Unarmed Combat | 3 |  3.4
Dodging        | 3 |  3.0
Fighting       | 5 |  5.1
Stealth        | |  1.4

Action                   || total
-------------------------++-------
Melee: Unarmed           ||   105
Throw: Boomerang         ||    20
       Dart              ||     2
  Use: Potion            ||     2
       Scroll            ||     2
 Stab: Sleeping          ||     2
Armor: Robe              ||    35
Dodge: Dodged            ||    73

Levels and vault maps discovered:
D:1:      eino_arrival_druids_welcome, layout_basic, serial_shops,
          nicolae_shop_temple_entry_statues_fountains, shop, shop,
          nicolae_shop_overgrown_old_shop
D:2:      layout_basic, dreamdust_ecumenical_altar_drowned_temple, uniq_robin
D:3:      layout_basic, mainiacjoe_overflow_alcove_2, serial_shops,
          shop_fountains, shop

Notes
Turn   | Place    | Note
-------+----------+-------------------------------------------
     0 | D:1      | spaghetti the Ogre Monk began the quest for the Orb.
     0 | D:1      | Reached XP level 1. HP: 24/24 MP: 1/1
     0 | D:1      | magus.rc [v1.9.6]
   177 | D:1      | Found Plog's Assorted Antiques.
   195 | D:1      | Found Laryen's Book Emporium.
   300 | D:1      | Found Veaku's Armour Emporium.
   425 | D:1      | Found Ipturchi's Antique Weapon Shoppe.
   499 | D:2      | Reached XP level 2. HP: 31/32 MP: 2/2
   537 | D:2      | Reached skill level 3 in Unarmed Combat
   811 | D:2      | Reached XP level 3. HP: 38/40 MP: 3/3
  1037 | D:3      | Reached skill level 3 in Dodging
  1143 | D:3      | Reached skill level 5 in Fighting
  1372 | D:3      | Found an iron altar of Okawaru.
  1396 | D:3      | Found Visouk's Jewellery Emporium.
  1414 | D:3      | HP: 8/42 [orc/+0 mace (8)]
  1415 | D:3      | Slain by an orc

Vanquished Creatures
  3 adders
  An orc (D:3)
  An endoplasm (D:1)
  A goblin (D:2)
  2 hobgoblins
  3 jackals (D:3)
  A quokka (D:3)
  3 ball pythons
  4 bats
  4 frilled lizards
  5 kobolds
  A rat (D:3)
29 creatures vanquished.

Table legend:
 A = Non-vault XP
 B = Vault XP
 C = Vault XP percentage of total XP
 D = Non-vault monster count
 E = Vault monster count
 F = Vault count percentage of total count
                 A         B        C        D         E       F
            +---------+---------+-------+---------+---------+-------
      Total |      78 |       2 |   2.5 |      28 |       1 |   3.4
            +---------+---------+-------+---------+---------+-------
        D:1 |       8 |       0 |   0.0 |       5 |       0 |   0.0
        D:2 |      35 |       2 |   5.4 |       8 |       1 |  11.1
        D:3 |      35 |       0 |   0.0 |      15 |       0 |   0.0
            +---------+---------+-------+---------+---------+-------

Illustrated notes

Table legend:
 A = Kills in this place as a percentage of kills in entire the game.
 B = Kills by you in this place as a percentage of kills by you in the entire game.
 C = Kills by friends in this place as a percentage of kills by friends in the entire game.
 D = Other kills in this place as a percentage of other kills in the entire game.
 E = Experience gained in this place as a percentage of experience gained in the entire game.
 F = Experience gained in this place divided by the number of levels of this place that you have seen.
                   A       B       C       D       E      F
               +-------+-------+-------+-------+-------+----------------------
         Total | 100.0 | 100.0 |   N/A |   N/A | 100.0 |  26.7
       Dungeon | 100.0 | 100.0 |   N/A |   N/A | 100.0 |  26.7
               +-------+-------+-------+-------+-------+----------------------

Table legend: (Time is in decaauts)
 A = Elapsed time spent in this place.
 B = Non-inter-level travel time spent in this place.
 C = Inter-level travel time spent in this place.
 D = Time resting spent in this place.
 E = Time spent auto-exploring this place.
 F = Levels seen in this place.
 G = Mean time per level.
                   A        B        C        D        E       F      G
               +--------+--------+--------+--------+--------+-----+--------+
         Total |   1400 |   1335 |     65 |      0 |   1024 |   3 |  466.7 |
       Dungeon |   1400 |   1335 |     65 |      0 |   1024 |   3 |  466.7 |
               +--------+--------+--------+--------+--------+-----+--------+

Top non-repeatable levels by time:
     D:3: 593 daAuts
     D:1: 572 daAuts
     D:2: 235 daAuts
